 Dungeon Crawl Stone Soup version 0.31.0-11-ge490571c62 (webtiles) character file.

Game seed: 4777414445805736265

24 ezpacito the Apothecary (level 2, 0/20 HPs)
             Began as a Demonspawn Alchemist on Jan 29, 2024.
             Slain by a gnoll
             ... wielding a +0 club
              (4 damage)
             ... on level 1 of the Dungeon.
             The game lasted 00:02:31 (815 turns).

ezpacito the Apothecary (Demonspawn Alchemist)       Turns: 815, Time: 00:02:32

Health: 0/20       AC:  2    Str:  8    XL:     2   Next: 79%
Magic:  5/5        EV: 12    Int: 15    God:
Gold:   75         SH:  0    Dex: 13    Spells: 4/5 levels left

rFire   + . .        d - staff of fire
rCold   + . .        (no shield)
rNeg    . . .        a - +0 robe
rPois   .            (no helmet)
rElec   .            (no cloak)
rCorr   .            (no gloves)
SInv    .            (no boots)
Will    .....        (no amulet)
Stlth   ++           g - ring of protection from cold
HPRegen 0.23/turn    (no ring)
MPRegen 0.09/turn

%: no passive effects
@: no status effects
A: spiny 1
a: no special abilities


You were on level 1 of the Dungeon.
You visited 1 branch of the dungeon, and saw 1 of its levels.

You collected 75 gold pieces.

Inventory:

Missiles
 f - 6 poisoned darts
 h - 3 stones
Armour
 a - a +0 robe (worn)
Magical Staves
 d - a staff of fire (weapon)
Jewellery
 g - a ring of protection from cold (left hand)
 i - an amulet of the acrobat
Scrolls
 c - a scroll of teleportation {unknown}
 e - 2 scrolls of enchant weapon
Potions
 b - 2 potions of magic


   Skills:
 * Level 0.6 Fighting
 * Level 0.2 Staves
 * Level 0.1 Armour
 * Level 2.0 Dodging
 * Level 1.9 Stealth
 * Level 0.1 Unarmed Combat
 * Level 2.1 Spellcasting
 * Level 1.1 Conjurations
 * Level 3.2 Alchemy
 * Level 0.3 Evocations


You had 4 spell levels left.
You knew the following spells:

 Your Spells              Type           Power      Damage    Failure   Level
a - Sting                 Conj/Alch      32%        1d5       9%          1

Your spell library contained the following spells:

 Spells                   Type           Power      Damage    Failure   Level
 Mercury Vapours          Alch/Air       12%        N/A       17%         2
 Jinxbite                 Hex            2%         N/A       32%         2
 Mephitic Cloud           Conj/Alch/Air  6%         N/A       34%         3
 Olgreb's Toxic Radiance  Alch           11%        N/A       50%         4
 Sticky Flame             Fire/Alch      9%         2d5       75%         4
 Yara's Violent Unravell  Hex/Alch       3%         3d4       97%         5
 Enfeeble                 Hex            0%         N/A       100%        7


Dungeon Overview and Level Annotations

Branches:
Dungeon (1/15)

Altars:


Innate Abilities, Weirdness & Mutations

You are partially covered in sharp spines.


Message History

i - an amulet of the acrobat No target in view!
You now have 70 gold pieces (gained 1).
You now have 75 gold pieces (gained 5).
A hobgoblin comes into view.
A hobgoblin is nearby!
A gnoll comes into view. It is wielding a +0 club.
The gnoll shouts!
You hit the gnoll but do no damage. The gnoll is struck by your spines.
The gnoll closely misses you.
You closely miss the gnoll.
The gnoll is lightly wounded.
The gnoll is struck by your spines. The gnoll barely misses you.
The hobgoblin shouts!
You hit the gnoll.
The gnoll is heavily wounded.
The gnoll is struck by your spines. The gnoll hits you with a +0 club.
You barely miss the gnoll.
The gnoll is heavily wounded.
The gnoll hits you with a +0 club.
You barely miss the gnoll.
The gnoll is heavily wounded.
The gnoll completely misses you. The hobgoblin barely misses you.
The gnoll hits you with a +0 club. The hobgoblin hits you.
You are too injured to fight recklessly!
You are too injured to fight recklessly!
You are too injured to fight recklessly!
You are too injured to fight recklessly!
You are too injured to fight recklessly!
You are too injured to fight recklessly!
Okay, then.
The gnoll attacks as it pursues you! The gnoll hits you with a +0 club.
* * * LOW HITPOINT WARNING * * *
Okay, then.
As you read the scroll labelled KEUDOA OSSOEDE, it crumbles to dust.
It is a scroll of enchant weapon.
You aren't carrying any weapons that can be enchanted.
The hobgoblin is struck by your spines. The hobgoblin barely misses you.
The gnoll attacks as it pursues you! The gnoll hits you with a +0 club.
You die...

# #### # ###.. ..## #.
# #.... ...# .# # #.#.#
#..######. # #.#.#
#.........## #
###.#.######.# #.#.# #
#..........#.# #.#.. #
#.#.#.###....######.#.#
#
#....g@................
#
#..#g.###...#######....
# #. #..# ##.## ##....
# # ....# #.# #..... #
.$....# #.# ##.... #
##.....# #.# ##... #
#..##.# #.# ##.. #
####### ############..
### #....##
##PPPP#......#


You could see a gnoll and a hobgoblin.

Vanquished Creatures
  A dart slug (D:1)
  3 ball pythons (D:1)
  3 bats (D:1)
  An endoplasm (D:1)
  3 hobgoblins (D:1)
  2 jackals (D:1)
  A quokka (D:1)
  A frilled lizard (D:1)
  2 goblins (D:1)
  3 rats (D:1)
20 creatures vanquished.

Notes
Turn   | Place    | Note
-------+----------+-------------------------------------------
     0 | D:1      | ezpacito the Demonspawn Alchemist began the quest for the
                  | Orb.
     0 | D:1      | Reached XP level 1. HP: 13/13 MP: 3/3
   184 | D:1      | Gained mutation: You are partially covered in sharp spines.
                  | [demonic ancestry]
   184 | D:1      | Reached XP level 2. HP: 14/19 MP: 5/5
   282 | D:1      | Found a faded altar of an unknown god.
   815 | D:1      | Slain by a gnoll

Illustrated notes

Levels and vault maps discovered:
D:1:      dpeg_arrival_boxorama, layout_loops_ring,
          shapermc_ecumenical_altar_flowoftime, dreamdust_mushroom_princess

Skill      XL: |  1  2 |
---------------+-------+-----
Dodging        | 2 |  2.0
Fighting       | |  0.6
Staves         | |  0.2
Armour         | |  0.1
Stealth        | |  1.9
Unarmed Combat | |  0.1
Spellcasting   | |  2.1
Conjurations   | |  1.1
Alchemy        | |  3.2
Evocations     | |  0.3

Action                     || total
---------------------------++-------
  Melee: Unarmed           ||    21
         Staff             ||    75
         Punch             ||     1
   Cast: Sting             ||     6
    Use: Scroll            ||     1
   Stab: Sleeping          ||     2
 Armour: Robe              ||    55
  Dodge: Dodged            ||    69
